 Dungeon Crawl Stone Soup version 0.30-b1-2-g02819fbbbe (webtiles) character file.

Game seed: 17620914214521525211

682 Alarkh the Fighter (level 7, 62/62 HPs)
             Began as a Demonspawn Artificer on Nov 23, 2023.
             Got out of the dungeon alive.
             The game lasted 00:04:55 (2881 turns).

Alarkh the Fighter (Demonspawn Artificer)           Turns: 2881, Time: 00:04:55

Health: 62/62      AC:  6    Str: 12    XL:     7   Next: 34%
Magic:  7/7        EV: 11    Int: 15    God:
Gold:   70         SH:  0    Dex: 13    Spells: 6/6 levels left

rFire   . . .        a - +2 dagger (venom)
rCold   . . .        (no shield)
rNeg    . . .        b - +0 leather armour
rPois   .            (no helmet)
rElec   .            (no cloak)
rCorr   .            f - +2 pair of gloves
SInv    .            (no boots)
Will    .....        (no amulet)
Stlth   +            (no ring)
HPRegen 0.30/turn    (no ring)
MPRegen 0.10/turn

%: no passive effects
@: no status effects
A: demonic guardian 1, spiny 1
a: no special abilities


You escaped.
You visited 1 branch of the dungeon, and saw 4 of its levels.
You also visited: Sewer.

You collected 103 gold pieces.
You spent 33 gold pieces at shops.

Inventory:

Hand Weapons
 a - a +2 dagger of venom (weapon)
Armour
 b - a +0 leather armour (worn)
 f - a +2 pair of gloves (worn)
Magical Staves
 k - a staff of conjuration
 p - a staff of fire
Wands
 c - a wand of flame (7) (quivered)
 d - a wand of charming (15)
 e - a wand of iceblast (4)
Scrolls
 g - a scroll of brand weapon {unknown}
 h - a scroll of immolation
 i - a scroll of fog
 j - a scroll of poison {unknown}
 l - 2 scrolls of noise {unknown}
 o - a scroll of vulnerability {unknown}
 q - a scroll of fear {unknown}
 r - 3 scrolls of identify
 s - 5 scrolls of teleportation
Potions
 n - a potion of magic {unknown}
 t - a potion of attraction {unknown}


   Skills:
 + Level 8.1 Fighting
 - Level 1.7 Armour
 - Level 0.8 Dodging
 - Level 0.8 Stealth
 - Level 3.0 Evocations


You had 6 spell levels left.
You didn't know any spells.
Your spell library contained the following spells:

 Spells                   Type           Power      Damage    Failure   Level
 Ensorcelled Hibernation  Hex/Ice        0%         N/A       45%         2
 Passwall                 Tmut/Erth      0%         N/A       45%         2
 Sublimation of Blood     Necr           0%         N/A       45%         2
 Wereblood                Tmut           0%         N/A       45%         2
 Swiftness                Air            0%         N/A       71%         3
 Summon Hydra             Summ           0%         N/A       100%        7


Dungeon Overview and Level Annotations

Branches:
Dungeon (4/15)             Temple (0/1) D:4           Sewer (visited)

Altars:
Uskayaw

Shops:
D:4 ?


Innate Abilities, Weirdness & Mutations

A weak demonic guardian rushes to your aid.
You are partially covered in sharp spines.


Message History

The kobold is moderately wounded.
The kobold barely misses you.
You hit the kobold but do no damage.
The kobold is moderately wounded.
You kill the kobold!
No target in view!
No target in view!
No target in view!
No target in view!
No target in view!
No target in view!
(D) Dungeon (T) Temple
Where to? (Enter - D:1, ? - help)
Things that are here:
a +0 dagger; a +0 scale mail
There is a stone staircase leading up here.
You climb upwards.
There is a stone staircase leading down here.
You see here a +0 club.
The octopode shouts!
The vine stalker shouts!
There is an open door here.
The demigod shouts!
The vine stalker shouts!
The minotaur bellows!
The ogre shouts!
The orc shouts!
You see here a +0 scale mail.
The kobold shouts!
The human shouts!
The meteoran shouts!
The tengu shouts!
The demigod shouts!
The spriggan shouts!
The troll shouts!
The armataur shouts!
The draconian roars!
The demonspawn shouts!
There is an open door here.
There is a staircase leading out of the dungeon here.
Are you sure you want to leave the Dungeon?
This will make you lose the game!
You have escaped!

###############
#p#Q#p#T#H#N#M####
###############..#
..............'.@#
###############..#
#p#B#i#e#9#d#6####
###############


There were no monsters in sight!

Vanquished Creatures
  2 kobold brigands (Sewer)
  2 scorpions (D:4)
  A howler monkey (D:4)
  A quasit (Sewer)
  A sleepcap (D:4)
  A hound (D:3)
  Jessica (D:2)
  An iguana (D:4)
  An orc wizard (D:4)
  6 adders
  2 shadow imps (Sewer)
  5 ufetubi (Sewer)
  An adder zombie (Sewer)
  A worm (D:4)
  2 dart slugs
  2 orcs (D:4)
  9 endoplasms
  6 giant cockroaches
  6 hobgoblins
  11 jackals
  22 kobolds
  7 quokkas
  6 ball pythons
  5 bats
  5 frilled lizards
  6 goblins
  A kobold zombie (Sewer)
  7 rats
121 creatures vanquished.

Vanquished Creatures (others)
  2 endoplasms (Sewer)
  A kobold zombie (Sewer)
3 creatures vanquished.

Grand Total: 124 creatures vanquished

Notes
Turn   | Place    | Note
-------+----------+-------------------------------------------
     0 | D:1      | Alarkh the Demonspawn Artificer began the quest for the
                  | Orb.
     0 | D:1      | Reached XP level 1. HP: 15/15 MP: 1/1
     2 | D:1      | Noticed a demonspawn
     4 | D:1      | Noticed a naga
     4 | D:1      | Noticed a draconian
     6 | D:1      | Noticed an armataur
     6 | D:1      | Noticed a gargoyle
     8 | D:1      | Noticed a troll
     8 | D:1      | Noticed an elf
    10 | D:1      | Noticed a demigod
    10 | D:1      | Noticed a spriggan
    12 | D:1      | Noticed a tengu
    12 | D:1      | Noticed a formicid
    14 | D:1      | Noticed a meteoran
    14 | D:1      | Noticed a human
    16 | D:1      | Noticed an octopode
    18 | D:1      | Noticed a merfolk
    18 | D:1      | Noticed a felid
    20 | D:1      | Noticed an ogre
    22 | D:1      | Noticed a vine stalker
    22 | D:1      | Noticed a minotaur
    24 | D:1      | Noticed a demigod
    24 | D:1      | Noticed a vampire
    26 | D:1      | Noticed an octopode
    26 | D:1      | Noticed a vine stalker
    61 | D:1      | Reached skill level 2 in Fighting
    74 | D:1      | Gained mutation: You are partially covered in sharp spines.
                  | [demonic ancestry]
    74 | D:1      | Reached XP level 2. HP: 9/22 MP: 2/2
   145 | D:1      | You fall into a shaft and drop 1 floor!
   276 | D:2      | Reached skill level 3 in Fighting
   276 | D:2      | Reached XP level 3. HP: 29/29 MP: 3/3
   967 | D:2      | Noticed Jessica
   973 | D:2      | Killed Jessica
   974 | D:2      | Reached skill level 4 in Fighting
   974 | D:2      | Reached XP level 4. HP: 29/37 MP: 4/4
  1879 | D:3      | Found a hide-covered altar of Uskayaw.
  2250 | D:4      | Noticed a scorpion
  2263 | D:4      | Killed a scorpion
  2264 | D:4      | Reached skill level 5 in Fighting
  2264 | D:4      | Reached XP level 5. HP: 34/44 MP: 5/5
  2323 | D:4      | Reached skill level 6 in Fighting
  2323 | D:4      | Reached XP level 6. HP: 30/52 MP: 6/6
  2394 | D:4      | Found Onut's Magic Scroll Boutique.
  2405 | D:4      | Bought a scroll of teleportation for 33 gold pieces
  2446 | D:4      | Found a staircase to the Ecumenical Temple.
  2510 | D:4      | Reached skill level 7 in Fighting
  2537 | D:4      | Found a glowing drain.
  2548 | Sewer    | Entered a sewer
  2661 | Sewer    | Found a burning altar of Makhleb.
  2670 | Sewer    | Gained mutation: A weak demonic guardian rushes to your
                  | aid. [demonic ancestry]
  2670 | Sewer    | Reached XP level 7. HP: 28/60 MP: 7/7
  2689 | Sewer    | Reached skill level 8 in Fighting
  2881 | D:$      | Got out of the dungeon alive.

Illustrated notes

Levels and vault maps discovered:
D:1:      kb_arrival_jail, layout_rooms, feat_on_display
D:2:      layout_loops_ring, uniq_jessica
D:3:      layout_loops_corners, nicolae_overflow_hidden_temple,
          dreamdust_mushroom_princess, minmay_misc_feat_more_columns
D:4:      layout_rooms, minmay_temple_entry_poolview, gup_sewer_entry_bubbles,
          serial_shops, nicolae_shop_advertising_works
          [nicolae_subvault_shop_adworks], due_unseen_surprise

Skill      XL: |  1  2  3  4  5  6  7 |
---------------+----------------------+-----
Fighting       | 2 3 4 5 6 7 8 |  8.1
Armour         | |  1.7
Dodging        | |  0.8
Stealth        | |  0.8
Evocations     | |  3.0

Action                     |  1- 3 |  4- 6 |  7- 9 || total
---------------------------+-------+-------+-------++-------
  Melee: Club              |    22 |       |       ||    22
         Dagger            |    78 |   126 |    21 ||   225
  Evoke: Wand              |     8 |     1 |       ||     9
    Use: Scroll            |     2 |       |       ||     2
         Potion            |       |     1 |     1 ||     2
   Stab: Sleeping          |     3 |     1 |       ||     4
 Armour: Leather armour    |    32 |    58 |    10 ||   100
  Dodge: Dodged            |    89 |    83 |    14 ||   186
